 Dungeon Crawl Stone Soup version 0.30-a0-374-g95c0257040 (webtiles) character file.

Game seed: 14723144699041825001

204 Uniporpoise the Trooper (level 5, -1/42 HPs)
             Began as a Demonspawn Fighter on Nov 25, 2022.
             Was an Initiate of Qazlal.
             Slain by a water moccasin (7 damage)
             ... in a sewer.
             The game lasted 00:05:11 (2343 turns).

Uniporpoise the Trooper (Demonspawn Fighter)        Turns: 2343, Time: 00:05:12

Health: -1/42      AC: 13    Str: 18    XL:     5   Next: 52%
Magic:  5/5        EV:  5    Int: 10    God:    Qazlal [......]
Gold:   201        SH:  8    Dex: 12    Spells: 4/4 levels left

rFire   . . .      SeeInvis .    a - +0 flail
rCold   . . .      Faith    .    c - +0 buckler
rNeg    . . .      Spirit   .    m - +0 plate armour
rPois   .          Reflect  .    (no helmet)
rElec   .          Harm     .    (no cloak)
rCorr   .          Rampage  .    (no gloves)
Will    .....                    (no boots)
Stlth   ..........               (no amulet)
HPRegen 0.27/turn                (no ring)
MPRegen 0.09/turn                (no ring)

@: lethally poisoned (-1 -> -11), flying
A: molten scales 1, condensation shield, demonic magic 1, weakness stinger 1
a: Renounce Religion


You were in a sewer.
You worshipped Qazlal.
Qazlal was noncommittal.
You visited 1 branch of the dungeon, and saw 3 of its levels.
You also visited: Sewer.

You collected 201 gold pieces.

Inventory:

Hand Weapons
 a - a +0 flail (weapon)
 f - a +1 dagger of electrocution
Armour
 c - a +0 buckler (worn)
 m - a +0 plate armour (worn)
Wands
 b - a wand of quicksilver (12)
Scrolls
 e - a scroll of butterflies {unknown}
 g - 5 scrolls of enchant weapon {unknown}
 i - a scroll of magic mapping {unknown}
 j - 4 scrolls of identify {unknown}
 k - 2 scrolls of poison {unknown}
 l - a scroll of teleportation {unknown}
 o - a scroll of brand weapon {unknown}
 t - a scroll of enchant armour {unknown}
 u - a scroll of fear {unknown}
Potions
 h - 2 potions of haste
 n - a potion of flight
 p - a potion of curing {unknown}
 q - a potion of lignification {unknown}
 r - a potion of brilliance {unknown}
 s - a potion of heal wounds {unknown}


   Skills:
 + Level 3.7 Fighting
 - Level 1.0 Short Blades
 * Level 3.1 Maces & Flails
 + Level 3.2 Armour
 - Level 1.0 Dodging
 + Level 3.3 Shields
 + Level 1.2 Evocations


You had 4 spell levels left.
You didn't know any spells.
Your spell library contained the following spells:

 Spells                   Type           Power      Damage    Failure   Level
 Ozocubu's Armour         Ice            0%         N/A       100%        3
 Ozocubu's Refrigeration  Ice            0%         4d7       100%        7


Dungeon Overview and Level Annotations

Branches:
Dungeon (3/15)              Sewer (1/1)

Altars:
Qazlal
Vehumet


Innate Abilities, Weirdness & Mutations

You are partially covered in molten scales. (AC +2)
A meltable shield of frost defends you. (SH +4)
Spells you cast may paralyse adjacent enemies.
You have a small tail.


Message History

The water moccasin bites you but does no damage. x2
You closely miss the water moccasin.
You feel very sick. The water moccasin barely misses you.
The water moccasin bites you but does no damage.
You miss the water moccasin. You tail-slap the water moccasin!
The water moccasin is heavily wounded.
You feel a little less mighty now.
You feel sick.
The water moccasin bites you but does no damage.
You completely miss the water moccasin.
Your tail-slap misses the water moccasin.
The water moccasin is heavily wounded.
You feel sick. The water moccasin barely misses you.
The water moccasin bites you but does no damage.
You barely miss the water moccasin.
The water moccasin is heavily wounded.
You feel sick.
The water moccasin bites you but does no damage. x2
You miss the water moccasin.
Your tail-slap misses the water moccasin.
The water moccasin is heavily wounded.
You feel sick.
You are no longer poisoned.
The water moccasin bites you but does no damage.
The water moccasin completely misses you.
You sock the water moccasin! You tail-slap the water moccasin.
The water moccasin is almost dead.
The water moccasin bites you. x2
* * * LOW HITPOINT WARNING * * *
You are lethally poisoned!
The water moccasin poisons you!
Unknown command.
It was a potion of flight.
You feel very buoyant.
You fly up into the air.
* * * LOW HITPOINT WARNING * * *
You feel very sick. The water moccasin bites you!
You die...

##...## ##.## #.#
#.# #.# ### #.#
.... #.# .....
######.####.....$
∩.........@S...../
############.....$
..... .... ###


You could see a water moccasin.

Vanquished Creatures
  A hound (D:3)
  8 adders
  A worm (D:2)
  3 dart slugs
  5 orcs (D:3)
  11 bats
  5 endoplasms
  3 giant cockroaches
  8 goblins
  8 hobgoblins
  6 jackals (D:1)
  4 quokkas
  10 ball pythons
  A frilled lizard (D:1)
  5 kobolds
  8 rats
87 creatures vanquished.

Vanquished Creatures (others)
  A fungus (D:1)
1 creature vanquished.

Grand Total: 88 creatures vanquished

Notes
Turn   | Place    | Note
-------+----------+-------------------------------------------
     0 | D:1      | Uniporpoise the Demonspawn Fighter began the quest for the
                  | Orb.
     0 | D:1      | Reached XP level 1. HP: 18/18 MP: 1/1
   292 | D:1      | Gained mutation: You are partially covered in molten
                  | scales. (AC +2) [demonic ancestry]
   292 | D:1      | Reached XP level 2. HP: 24/24 MP: 2/2
   506 | D:1      | Gained mutation: Spells you cast may paralyse adjacent
                  | enemies. [demonic ancestry]
   506 | D:1      | Reached XP level 3. HP: 29/29 MP: 3/3
   741 | D:1      | Reached skill level 1 in Dodging
  1074 | D:2      | Reached skill level 1 in Short Blades
  1180 | D:2      | Gained mutation: You have a small tail. [demonic ancestry]
  1180 | D:2      | Reached XP level 4. HP: 35/35 MP: 4/4
  1207 | D:2      | Found a faded altar of an unknown god.
  1867 | D:3      | Gained mutation: A meltable shield of frost defends you.
                  | (SH +4) [demonic ancestry]
  1867 | D:3      | Reached XP level 5. HP: 41/41 MP: 5/5
  1880 | D:3      | Reached skill level 1 in Evocations
  2018 | D:3      | Found a stormy altar of Qazlal.
  2044 | D:3      | Became a worshipper of Qazlal Stormbringer
  2052 | D:3      | Found a radiant altar of Vehumet.
  2077 | D:3      | Found a glowing drain.
  2302 | Sewer    | Entered a sewer
  2330 | Sewer    | Noticed a water moccasin
  2343 | Sewer    | Slain by a water moccasin

Illustrated notes

Levels and vault maps discovered:
D:1:      dpeg_arrival_central, layout_basic, dreamdust_mushroom_princess
D:2:      layout_loops_ring, shapermc_ecumenical_altar_totnotflames
D:3:      layout_rooms, mainiacjoe_overflow_big_doors, gup_sewer_entry_glass,
          minmay_starry_boxes
Sewer:    sewer_big_baddie

Skill      XL: |  1  2  3  4  5 |
---------------+----------------+-----
Maces & Flails | 2 3 |  3.1
Dodging        | 1 |  1.0
Short Blades   | 1 |  1.0
Shields        | 3 |  3.3
Armour         | 3 |  3.2
Evocations     | 1 |  1.2
Fighting       | |  3.7

Action                   |  1- 3 |  4- 6 || total
-------------------------+-------+-------++-------
Melee: Dagger            |   146 |    93 ||   239
       Flail             |     5 |    40 ||    45
       Tailslap          |       |    14 ||    14
  Use: Potion            |       |     2 ||     2
Armor: Scale mail        |    77 |       ||    77
       Plate armour      |    29 |    84 ||   113
Dodge: Dodged            |    70 |    33 ||   103
Block: Buckler           |    42 |    37 ||    79

Table legend: (Time is in decaauts)
 A = Elapsed time spent in this place.
 B = Non-inter-level travel time spent in this place.
 C = Inter-level travel time spent in this place.
 D = Time resting spent in this place.
 E = Time spent auto-exploring this place.
 F = Levels seen in this place.
 G = Mean time per level.
                   A        B        C        D        E       F      G
               +--------+--------+--------+--------+--------+-----+--------+
         Total |   2358 |   2192 |    166 |      0 |   1491 |   4 |  589.5 |
       Dungeon |   2312 |   2146 |    166 |      0 |   1477 |   3 |  770.7 |
         Sewer |     45 |     45 |      0 |      0 |     14 |   1 |   45.0 |
               +--------+--------+--------+--------+--------+-----+--------+

Top non-repeatable levels by time:
     D:1: 1012 daAuts
     D:2: 741 daAuts
     D:3: 558 daAuts
   Sewer: 45 daAuts
